 Dungeon Crawl Stone Soup version 0.31-a0-1206-g41278d8d1d (webtiles) character file.

Game seed: 15985113591723585768

135 bmb222 the Ruffian (level 5, -1/33 HPs)
             Began as an Octopode Shapeshifter on Dec 13, 2023.
             Succumbed to a gnoll's poison
             ... on level 3 of the Dungeon.
             The game lasted 00:01:12 (1775 turns).

bmb222 the Ruffian (Octopode Shapeshifter)          Turns: 1775, Time: 00:01:13

Health: -1/33      AC:  1    Str: 16    XL:     5   Next: 18%
Magic:  5/5        EV: 13    Int: 12    God:
Gold:   128        SH:  0    Dex: 11    Spells: 4/4 levels left

rFire   . .          .
                       - Unarmed
rCold   . . .        (no shield)
rNeg    . . .        (helmet currently unavailable)
rPois   .            (no amulet)
rElec   .            (no ring)
rCorr   .            (no ring)
SInv    .            (no ring)
Will    .....        (no ring)
Stlth   +++          (no ring)
HPRegen 0.25/turn    (no ring)
MPRegen 0.09/turn    (no ring)
                     (no ring)

%: no passive effects
@: lethally poisoned (-1 -> -17), beast-form, hasted, very quick
A: beast (slay +2), almost no armour, amphibious, 8 rings, camouflage 1,
gelatinous body 1, (nimble swimmer 1), tentacles
a: Begin Untransformation


You were on level 3 of the Dungeon.
You were a hulking beast.
You visited 1 branch of the dungeon, and saw 3 of its levels.

You collected 128 gold pieces.

Inventory:

Jewellery
 d - a ring of ice
Talismans
 b - a beast talisman
 c - a flux talisman
Scrolls
 e - 3 scrolls of brand weapon {unknown}
 g - a scroll of enchant weapon {unknown}
 h - 2 scrolls of teleportation {unknown}
 i - 2 scrolls of identify {unknown}
 k - 2 scrolls of amnesia {unknown}
 l - 2 scrolls of fear {unknown}
Potions
 m - a potion of mutation {unknown}


   Skills:
 + Level 1.2 Fighting
 + Level 2.4 Dodging
 + Level 3.0 Stealth
 + Level 4.3 Unarmed Combat
 + Level 3.5 Shapeshifting


You had 4 spell levels left.
You didn't know any spells.
Your spell library was empty.

Dungeon Overview and Level Annotations

Branches:
Dungeon (3/15)

Altars:

Shops:
D:2 (


Innate Abilities, Weirdness & Mutations

You are a hulking beast.
Your limbs bulge with bestial killing power. (Slay +2)
You cannot wear most types of armour.
You are amphibious.
You can wear up to eight rings at the same time.
Your skin changes colour to match your surroundings (Stealth+).
Your rubbery body absorbs attacks. (AC +1, EV +1)
((You are camouflaged when in or above water. (Stealth+)))
You have tentacles for arms and can constrict up to eight enemies at once.


Message History

You kill the orc!
Your Stealth skill increases to level 3!
You cannot move.
You cannot move.
You start resting.
Your transformation is almost over.
You feel less wooden.
You turn into a hulking beast.
You start resting.
HP restored.
You start waiting.
You start waiting.
You start waiting.
A gnoll comes into view. It is wielding a +0 spear of venom.
A gnoll comes into view. It is wielding a +0 flail.
Items here: ( ))) [ ÷÷.
A gnoll comes into view. It is wielding a +0 club.
A gnoll comes into view. It is wielding a +0 spear.
You see here a +0 flail.
The gnoll shouts! x2
You tentacle-slap the gnoll. Your grab misses the gnoll. You squeeze the gnoll!
The gnoll is severely wounded.
You hear a shout!
The gnoll hits you with a +0 spear of venom.
You are poisoned.
You barely miss the gnoll. You grab the gnoll.
The gnoll is severely wounded.
You constrict the gnoll, but do no damage.
You feel very sick.
The gnoll hits you with a +0 spear of venom!
You are lethally poisoned!
A dart slug comes into view.
It was a potion of cancellation.
You feel magically purged.
You constrict the gnoll, but do no damage.
* * * LOW HITPOINT WARNING * * *
You feel very sick.
The gnoll hits you with a +0 spear of venom.
* * * LOW HITPOINT WARNING * * *
It was a potion of haste.
You feel yourself speed up.
You constrict the gnoll.
You die...

#...##.#.#.# #~.~#
#...##.#.#.# #~.~#
#...##.#.#†# #~.~#
#...##.#.#.# #~.≈#
#...##.#.#.# #~.~#
#.).##.#...####.##
####...##)#........#
........g)...######.#
.......ggh..........#
#.###.##....#########
. g..g..#.....
......#########
###... #.. #w. #.


You could see 4 gnolls and a dart slug (wandering).

Vanquished Creatures
  An orc priest (D:3)
  2 orc wizards (D:3)
  An adder (D:2)
  A worm (D:2)
  2 dart slugs
  2 orcs (D:3)
  2 ball pythons
  An endoplasm (D:2)
  3 giant cockroaches
  A hobgoblin (D:2)
  7 kobolds
  2 quokkas
  5 bats
  5 frilled lizards
  2 goblins
  6 rats
43 creatures vanquished.

Notes
Turn   | Place    | Note
-------+----------+-------------------------------------------
     0 | D:1      | bmb222 the Octopode Shapeshifter began the quest for the
                  | Orb.
     0 | D:1      | Reached XP level 1. HP: 13/13 MP: 1/1
   172 | D:1      | Reached XP level 2. HP: 18/18 MP: 2/2
   661 | D:2      | Reached XP level 3. HP: 23/23 MP: 3/3
   704 | D:2      | Found Icub's Antique Weapon Shoppe.
   816 | D:2      | Reached skill level 1 in Stealth
  1403 | D:3      | Reached skill level 4 in Unarmed Combat
  1403 | D:3      | Reached XP level 4. HP: 17/28 MP: 4/4
  1417 | D:3      | Reached XP level 5. HP: 5/33 MP: 5/5
  1775 | D:3      | Succumbed to a gnoll's poison

Illustrated notes

Levels and vault maps discovered:
D:1:      lightli_arrival_boilingwater, layout_loops_ring
D:2:      layout_basic, serial_shops, shop, minmay_hexomino_p4
D:3:      layout_basic, mainiacjoe_overflow_alcove_1,
          amcnicky_mini_rare_corridor_liquid, minmay_liquid_box, uniq_terence

Skill      XL: |  1  2  3  4  5 |
---------------+----------------+-----
Stealth        | 2 3 |  3.0
Unarmed Combat | 4 |  4.3
Fighting       | |  1.2
Dodging        | |  2.4
Shapeshifting  | |  3.5

Action                     |  1- 3 |  4- 6 || total
---------------------------+-------+-------++-------
  Melee: Unarmed           |    64 |    11 ||    75
         Constrict         |    18 |     3 ||    21
         Tentacles         |    15 |     2 ||    17
         Punch             |     1 |       ||     1
    Use: Potion            |       |     3 ||     3
   Stab: Sleeping          |    10 |       ||    10
 Armour: Skin              |    27 |     7 ||    34
  Dodge: Dodged            |    37 |     1 ||    38

Table legend: (Time is in decaauts)
 A = Elapsed time spent in this place.
 B = Non-inter-level travel time spent in this place.
 C = Inter-level travel time spent in this place.
 D = Time resting spent in this place.
 E = Time spent auto-exploring this place.
 F = Levels seen in this place.
 G = Mean time per level.
                   A        B        C        D        E       F      G
               +--------+--------+--------+--------+--------+-----+--------+
         Total |   1770 |   1726 |     44 |    349 |   1134 |   3 |  590.0 |
       Dungeon |   1770 |   1726 |     44 |    349 |   1134 |   3 |  590.0 |
               +--------+--------+--------+--------+--------+-----+--------+

Top non-repeatable levels by time:
     D:2: 643 daAuts
     D:3: 569 daAuts
     D:1: 556 daAuts
